AoeStats
← 文風

Socotra

506729660Analyzed
3v3 RM · 17d ago on Sep 14, 2026· 11m 57s· 6 players
Game mode
Random Map
Map size
128×128
Population
200
Speed
Normal
Resources
Standard
Victory
Conquest
Starting age
Dark Age
Ending age
Imperial Age
RankedLock teamsTeams togetherTeam positionsShared explorationLock speedFull tech treeHidden civsTurbo modeCheats
Victory
Defeat
🇦🇷 Ethiopians · Argentina
1401
+19
🇦🇷 Koreans · Argentina
1372
+20
🇦🇷 Persians · Argentina
1364
+20
🇨🇴 Wei · Colombia
1500
-21
🇸🇪 Tatars · Sweden
1459
-20
🇭🇰 Wu · Hong Kong SAR China
1424
-18
Jardel
7:51 Loom
10:12 Feudal Age
11:12 Double-Bit Axe
MZTK | KaLiuM
0:36 Loom
10:16 Feudal Age
11:32 Double-Bit Axe
文風
7:52 Loom
10:08 Feudal Age
kV0t3
0:27 Loom
8:11 Feudal Age
AlleN ★
6:33 Loom
9:37 Feudal Age
ZIZOU
6:52 Loom
9:25 Feudal Age
Connection lost

Rejoining the realm…

Still unreachable

The connection could not be restored.

Session expired

The server has moved on; the page needs a fresh start.